General information
- name: BNet
- type: Ladder team game (AT/RT)
- host: Battle.net
- saver: ONLYPLAY4REVENG
map: Cherryville
- players: 8
- length: 73:40
- speed: Fast
- version: 1.27 W3XP
- replay type: Public
» download(306 KB)
Players
team 1 (loser)
Mustache_ (
red | 42 APM | 3118 actions | 73:39)
11 Mountain King
3 Storm Bolt
3 Bash
2 Avatar
3 Thunder Clap
2 Death Knight
1 Death Coil
1 Animate Dead
1 Keeper of the Grove
1 Entangling Roots
» actions
| Assign group hotkey | 13 | |
| Basic commands | 2 | |
| Build / train | 113 | |
| Enter build submenu | 38 | |
| Enter hero's abilities submenu | 16 | |
| Give item / drop item | 4 | |
| Remove unit from queue | 2 | |
| Right click | 2216 | |
| Select / deselect | 429 | |
| Select group hotkey | 76 | |
| Use ability | 209 | |
3118 total
» units
| Peasant | 34 | |
| Footman | 10 | |
| Assassin | 1 | |
| Gryphon Rider | 7 | |
| Dragonhawk Rider | 6 | |
| Crypt Fiend | 1 | |
| Siege Engine | 3 | |
62 total
» upgrades
| Defend | 1 | |
| Storm Hammers | 1 | |
| Swords | 2 | |
| Armor | 1 | |
| Cloud | 1 | |
6 total
» buildings
| Altar of Kings | 1 | |
| Barracks | 2 | |
| Farm | 11 | |
| Scout Tower | 7 | |
| Lumber Mill | 1 | |
| Arcane Vault | 2 | |
| Arcane Tower | 4 | |
| Keep | 1 | |
| Town Hall | 8 | |
| Guard Tower | 4 | |
| Castle | 1 | |
| Gryphon Aviary | 3 | |
| Blacksmith | 1 | |
46 total
» build order
00:08 Altar of Kings
00:11 Barracks
00:17 Barracks
00:33 Farm
01:10 Farm
01:42 Scout Tower
01:46 Lumber Mill
02:06 Arcane Vault
02:16 Arcane Tower
02:17 Arcane Tower
03:01 Farm
03:29 Keep
04:58 Town Hall
05:04 Scout Tower
05:05 Scout Tower
05:14 Farm
05:38 Scout Tower
05:40 Scout Tower
05:44 Guard Tower
05:55 Guard Tower
06:14 Guard Tower
06:16 Scout Tower
06:19 Scout Tower
07:01 Guard Tower
07:03 Arcane Tower
07:06 Castle
07:34 Farm
09:50 Gryphon Aviary
09:52 Gryphon Aviary
09:54 Gryphon Aviary
10:15 Farm
10:17 Farm
11:19 Blacksmith
11:39 Farm
11:41 Farm
15:21 Farm
15:23 Farm
19:11 Town Hall
21:48 Arcane Vault
24:00 Town Hall
33:34 Town Hall
37:26 Town Hall
40:32 Town Hall
42:41 Town Hall
48:04 Town Hall
» items
| Scroll of Regeneration | 5 | |
| Lesser Clarity Potion | 2 | |
| Rod of Necromancy | 1 | |
| Potion of Healing | 3 | |
| Scroll of Town Portal | 3 | |
| Orb of Corruption | 4 | |
18 total

»
brandnew2017 (
yellow | 31 APM | 1604 actions | 51:46)
6 Keeper of the Grove
2 Force of Nature
2 Entangling Roots
1 Thorns Aura
1 Tranquility
» actions
| Build / train | 71 | |
| Enter build submenu | 22 | |
| Enter hero's abilities submenu | 6 | |
| Right click | 1091 | |
| Select / deselect | 347 | |
| Use ability | 67 | |
1604 total
» units
| Wisp | 21 | |
| Druid of the Talon | 5 | |
| Dryad | 12 | |
38 total
» upgrades
| Druid of the Talon Training | 1 | |
| Abolish Magic | 1 | |
| Strength of the Wild | 3 | |
| Reinforced Hides | 3 | |
8 total
» buildings
| Moon Well | 8 | |
| Altar of Elders | 2 | |
| Ancient of Wonders | 1 | |
| Tree of Ages | 1 | |
| Hunter's Hall | 1 | |
| Ancient Protector | 4 | |
| Ancient of Wind | 1 | |
| Ancient of Lore | 2 | |
| Tree of Life | 2 | |
| Tree of Eternity | 1 | |
23 total
» build order
00:29 Moon Well
00:37 Altar of Elders
01:20 Ancient of Wonders
01:25 Moon Well
02:37 Tree of Ages
03:56 Hunter's Hall
05:03 Moon Well
05:26 Moon Well
06:52 Ancient Protector
07:01 Ancient of Wind
07:29 Ancient of Lore
07:35 Ancient of Lore
11:15 Tree of Life
11:17 Ancient Protector
14:18 Moon Well
15:09 Tree of Eternity
15:17 Moon Well
16:24 Moon Well
16:55 Moon Well
22:37 Tree of Life
28:51 Altar of Elders
28:58 Ancient Protector
29:03 Ancient Protector
» items
| Lesser Clarity Potion | 2 | |
| Scroll of Regeneration | 2 | |
| Potion of Healing | 5 | |
| Dust of Appearance | 2 | |
| Scroll of Town Portal | 3 | |
| Orb of Venom | 1 | |
| Staff of Teleportation | 1 | |
16 total
spinach (
blue | 37 APM | 966 actions | 26:13)
4 Mountain King
2 Storm Bolt
2 Bash
3 Paladin
2 Holy Light
1 Divine Shield
2 Archmage
1 Brilliance Aura
1 Summon Water Elemental
» actions
| Assign group hotkey | 24 | |
| Build / train | 82 | |
| ESC pressed | 3 | |
| Enter build submenu | 30 | |
| Enter hero's abilities submenu | 9 | |
| Give item / drop item | 1 | |
| Remove unit from queue | 7 | |
| Right click | 469 | |
| Select / deselect | 204 | |
| Select group hotkey | 86 | |
| Use ability | 51 | |
966 total
» units
| Peasant | 11 | |
| Footman | 5 | |
| Knight | 11 | |
| Priest | 5 | |
| Flying Machine | 9 | |
41 total
» upgrades
| Swords | 3 | |
| Plating | 3 | |
| Priest Training | 2 | |
| Animal War Training | 1 | |
| Lumber Harvesting | 1 | |
| Barrage | 1 | |
| Flak Cannons | 1 | |
| Flying Machine Bombs | 1 | |
| Gunpowder | 2 | |
15 total
» buildings
| Farm | 13 | |
| Altar of Kings | 1 | |
| Barracks | 2 | |
| Scout Tower | 2 | |
| Arcane Tower | 2 | |
| Keep | 1 | |
| Blacksmith | 1 | |
| Arcane Vault | 1 | |
| Castle | 1 | |
| Arcane Sanctum | 1 | |
| Lumber Mill | 1 | |
| Workshop | 2 | |
28 total
» build order
00:07 Farm
00:12 Altar of Kings
00:37 Barracks
01:33 Scout Tower
01:45 Farm
02:09 Farm
02:13 Arcane Tower
02:35 Farm
02:56 Farm
03:43 Farm
03:46 Keep
03:50 Blacksmith
04:24 Arcane Vault
04:31 Farm
05:12 Farm
05:16 Farm
06:00 Farm
06:49 Castle
06:54 Arcane Sanctum
08:27 Farm
09:08 Barracks
09:21 Lumber Mill
09:53 Farm
10:37 Farm
11:23 Scout Tower
11:59 Arcane Tower
14:50 Workshop
19:55 Workshop
» items
| Boots of Speed | 1 | |
| Scroll of Town Portal | 3 | |
4 total

»
Aranthir (
orange | 38 APM | 955 actions | 25:14)
4 Death Knight
2 Death Coil
2 Unholy Aura
» actions
| Assign group hotkey | 32 | |
| Basic commands | 2 | |
| Build / train | 49 | |
| ESC pressed | 2 | |
| Enter build submenu | 22 | |
| Enter hero's abilities submenu | 4 | |
| Right click | 508 | |
| Select / deselect | 262 | |
| Select group hotkey | 21 | |
| Use ability | 53 | |
955 total
» units
| Acolyte | 4 | |
| Ghoul | 4 | |
| Crypt Fiend | 16 | |
| Obsidian Statue | 1 | |
25 total
» upgrades
| Creature Attack | 3 | |
| Web | 1 | |
| Burrow | 1 | |
| Creature Carapace | 3 | |
| Stone Form | 1 | |
| Destroyer Form | 1 | |
10 total
» buildings
| Ziggurat | 6 | |
| Altar of Darkness | 1 | |
| Crypt | 2 | |
| Graveyard | 2 | |
| Tomb of Relics | 1 | |
| Nerubian Tower | 1 | |
| Spirit Tower | 5 | |
| Halls of the Dead | 1 | |
| Necropolis | 2 | |
| Slaughterhouse | 2 | |
| Black Citadel | 1 | |
24 total
» build order
00:56 Ziggurat
01:00 Altar of Darkness
01:07 Crypt
01:12 Graveyard
01:17 Graveyard
01:25 Tomb of Relics
01:34 Ziggurat
01:51 Nerubian Tower
02:45 Spirit Tower
03:27 Ziggurat
04:34 Crypt
04:59 Ziggurat
05:05 Spirit Tower
06:06 Halls of the Dead
06:31 Necropolis
08:16 Spirit Tower
10:07 Slaughterhouse
10:08 Slaughterhouse
10:50 Necropolis
13:28 Black Citadel
16:30 Ziggurat
16:31 Ziggurat
17:29 Spirit Tower
17:38 Spirit Tower
» items
team 2 (winner)
Ultimatium (
teal | 24 APM | 1416 actions | 59:06)
6 Demon Hunter
3 Mana Burn
2 Evasion
1 Metamorphosis
1 Warden
1 Shadow Strike
» actions
| Assign group hotkey | 14 | |
| Basic commands | 55 | |
| Build / train | 110 | |
| ESC pressed | 10 | |
| Enter build submenu | 25 | |
| Enter hero's abilities submenu | 9 | |
| Give item / drop item | 5 | |
| Remove unit from queue | 10 | |
| Right click | 550 | |
| Select / deselect | 324 | |
| Select group hotkey | 184 | |
| Use ability | 120 | |
1416 total
» units
| Wisp | 19 | |
| Archer | 6 | |
| Hippogryph | 24 | |
| Chimaera | 10 | |
59 total
» upgrades
| Corrosive Breath | 1 | |
| Strength of the Wild | 3 | |
| Reinforced Hides | 3 | |
| Ultravision | 2 | |
| Well Spring | 2 | |
11 total
» buildings
| Altar of Elders | 1 | |
| Moon Well | 10 | |
| Ancient of War | 1 | |
| Ancient of Wonders | 1 | |
| Tree of Ages | 1 | |
| Tree of Life | 4 | |
| Tree of Eternity | 1 | |
| Ancient of Wind | 1 | |
| Chimaera Roost | 3 | |
| Hunter's Hall | 1 | |
24 total
» build order
00:26 Altar of Elders
00:41 Moon Well
00:50 Ancient of War
01:45 Moon Well
02:00 Ancient of Wonders
03:09 Moon Well
04:08 Tree of Ages
04:20 Tree of Life
06:31 Tree of Eternity
06:34 Ancient of Wind
08:20 Moon Well
08:23 Moon Well
08:24 Moon Well
08:28 Moon Well
08:28 Moon Well
09:26 Chimaera Roost
09:30 Chimaera Roost
09:30 Chimaera Roost
10:02 Hunter's Hall
11:27 Moon Well
11:28 Moon Well
17:45 Tree of Life
23:34 Tree of Life
27:41 Tree of Life
» items
| Potion of Healing | 12 | |
| Scroll of Town Portal | 2 | |
| Moonstone | 1 | |
| Orb of Venom | 1 | |
16 total
ONLYPLAY4REVENG (
purple | 64 APM | 4750 actions | 73:40)
10 Blademaster
3 Wind Walk
3 Critical Strike
1 Bladestorm
3 Mirror Image
» actions
| Assign group hotkey | 110 | |
| Basic commands | 316 | |
| Build / train | 118 | |
| Enter build submenu | 100 | |
| Enter hero's abilities submenu | 10 | |
| Give item / drop item | 17 | |
| Remove unit from queue | 1 | |
| Right click | 2273 | |
| Select / deselect | 720 | |
| Select group hotkey | 606 | |
| Use ability | 478 | |
4750 total
» units
| Peon | 15 | |
| Grunt | 6 | |
| Goblin Shredder | 3 | |
| Wind Rider | 12 | |
| Goblin Sapper | 11 | |
| Goblin Zeppelin | 1 | |
48 total
» upgrades
| Ranged Weapons | 3 | |
| Armor | 4 | |
| Reinforced Defenses | 1 | |
| Envenomed Spears | 1 | |
| Spiked Barricades | 3 | |
| Liquid Fire | 1 | |
| Ensnare | 1 | |
| Pillage | 1 | |
| Melee Weapons | 2 | |
| Troll Regeneration | 1 | |
| Burning Oil | 1 | |
19 total
» buildings
| Orc Burrow | 12 | |
| Altar of Storms | 1 | |
| Barracks | 1 | |
| Voodoo Lounge | 3 | |
| Stronghold | 2 | |
| War Mill | 3 | |
| Beastiary | 8 | |
| Great Hall | 6 | |
| Watch Tower | 74 | |
| Fortress | 1 | |
111 total
» build order
00:11 Orc Burrow
00:50 Altar of Storms
00:51 Barracks
01:07 Orc Burrow
01:53 Voodoo Lounge
02:53 Stronghold
03:59 Orc Burrow
05:05 War Mill
05:24 Beastiary
06:09 Beastiary
06:27 Great Hall
06:30 Watch Tower
06:30 Watch Tower
06:30 Watch Tower
06:35 Watch Tower
06:50 Orc Burrow
06:53 Orc Burrow
06:55 Watch Tower
07:48 Orc Burrow
08:29 Watch Tower
08:30 Watch Tower
09:51 Fortress
10:28 War Mill
12:48 Beastiary
12:48 Beastiary
14:49 Watch Tower
14:49 Watch Tower
15:02 Watch Tower
15:03 Watch Tower
15:17 Watch Tower
15:20 Watch Tower
15:22 Watch Tower
15:24 Watch Tower
15:27 Watch Tower
15:28 Watch Tower
18:12 Watch Tower
18:13 Watch Tower
18:16 Watch Tower
19:42 Watch Tower
19:43 Watch Tower
19:44 Watch Tower
20:34 Great Hall
20:38 Watch Tower
20:48 Watch Tower
20:48 Watch Tower
20:49 Watch Tower
22:20 Watch Tower
22:20 Watch Tower
22:21 Watch Tower
22:22 Watch Tower
23:39 Voodoo Lounge
24:03 Watch Tower
24:04 Watch Tower
24:06 Watch Tower
24:19 Watch Tower
24:20 Watch Tower
28:27 Watch Tower
28:28 Watch Tower
28:30 Watch Tower
28:31 Watch Tower
28:33 Watch Tower
28:34 Watch Tower
28:35 Watch Tower
28:35 Watch Tower
28:43 Great Hall
28:47 Watch Tower
28:48 Watch Tower
28:48 Watch Tower
28:48 Watch Tower
28:50 Watch Tower
28:50 Watch Tower
28:52 Watch Tower
28:52 Watch Tower
28:53 Watch Tower
28:53 Watch Tower
28:54 Watch Tower
28:55 Watch Tower
31:48 Watch Tower
31:49 Watch Tower
33:13 Great Hall
36:57 Great Hall
40:12 Beastiary
40:14 Beastiary
40:16 Beastiary
41:42 Watch Tower
41:42 Watch Tower
41:43 Watch Tower
41:52 Great Hall
44:20 Watch Tower
44:20 Watch Tower
44:20 Watch Tower
44:21 Watch Tower
44:21 Watch Tower
44:22 Watch Tower
44:22 Watch Tower
44:23 Watch Tower
45:20 Watch Tower
45:22 Watch Tower
46:58 Voodoo Lounge
47:30 Watch Tower
47:31 Watch Tower
61:11 Stronghold
61:32 Orc Burrow
61:34 Orc Burrow
61:35 Orc Burrow
61:37 Orc Burrow
61:39 Orc Burrow
61:42 Orc Burrow
61:59 War Mill
64:17 Beastiary
» items
| Healing Salve | 8 | |
| Periapt of Vitality | 2 | |
| Boots of Speed | 1 | |
| Scroll of Town Portal | 4 | |
| Orb of Lightning | 1 | |
| Potion of Healing | 5 | |
| Staff of Teleportation | 1 | |
| Lesser Clarity Potion | 2 | |
| Potion of Mana | 1 | |
| Circlet of Nobility | 1 | |
26 total
RdySetGo (
pink | 9 APM | 632 actions | 73:39)
3 Mountain King
2 Storm Bolt
1 Bash
4 Paladin
2 Holy Light
2 Devotion Aura
» actions
| Assign group hotkey | 3 | |
| Basic commands | 8 | |
| Build / train | 66 | |
| Enter build submenu | 16 | |
| Enter hero's abilities submenu | 7 | |
| Right click | 153 | |
| Select / deselect | 327 | |
| Select group hotkey | 10 | |
| Use ability | 42 | |
632 total
» units
| Peasant | 10 | |
| Spell Breaker | 6 | |
| Priest | 9 | |
| Sorceress | 1 | |
26 total
» upgrades
| Lumber Harvesting | 2 | |
| Masonry | 3 | |
| Magic Sentry | 1 | |
| Control Magic | 1 | |
| Priest Training | 2 | |
| Sorceress Training | 2 | |
| Swords | 3 | |
| Plating | 3 | |
17 total
» buildings
| Lumber Mill | 1 | |
| Altar of Kings | 1 | |
| Farm | 11 | |
| Scout Tower | 2 | |
| Arcane Vault | 1 | |
| Blacksmith | 1 | |
| Arcane Tower | 3 | |
| Keep | 1 | |
| Arcane Sanctum | 2 | |
| Castle | 1 | |
| Town Hall | 1 | |
25 total
» build order
00:37 Lumber Mill
00:48 Altar of Kings
01:03 Farm
01:18 Farm
01:33 Farm
01:43 Scout Tower
01:47 Arcane Vault
01:57 Blacksmith
02:09 Farm
02:20 Farm
02:22 Farm
02:49 Arcane Tower
02:50 Arcane Tower
03:59 Keep
04:09 Scout Tower
04:20 Farm
04:21 Farm
04:23 Farm
04:25 Farm
04:26 Farm
04:40 Arcane Tower
06:23 Arcane Sanctum
06:28 Arcane Sanctum
06:33 Castle
23:50 Town Hall
» items
| Scroll of Regeneration | 2 | |
| Lesser Clarity Potion | 2 | |
| Scroll of Town Portal | 4 | |
| Orb of Fire | 1 | |
9 total

»
fried. (
green | 28 APM | 1597 actions | 56:07)
7 Goblin Tinker
3 Pocket Factory
3 Cluster Rockets
1 Robo-Goblin
5 Naga Sea Witch
3 Frost Arrows
2 Forked Lightning
1 Demon Hunter
1 Evasion
» actions
| Basic commands | 22 | |
| Build / train | 87 | |
| Enter build submenu | 27 | |
| Enter hero's abilities submenu | 13 | |
| Give item / drop item | 1 | |
| Remove unit from queue | 3 | |
| Right click | 776 | |
| Select / deselect | 600 | |
| Use ability | 68 | |
1597 total
» units
| Wisp | 25 | |
| Archer | 1 | |
| Huntress | 4 | |
| Hippogryph | 11 | |
| Chimaera | 13 | |
54 total
» upgrades
| Corrosive Breath | 1 | |
| Strength of the Wild | 3 | |
| Reinforced Hides | 3 | |
7 total
» buildings
| Altar of Elders | 1 | |
| Moon Well | 8 | |
| Ancient of War | 1 | |
| Hunter's Hall | 1 | |
| Ancient of Wonders | 1 | |
| Ancient Protector | 3 | |
| Tree of Ages | 1 | |
| Tree of Life | 3 | |
| Tree of Eternity | 1 | |
| Ancient of Wind | 1 | |
| Chimaera Roost | 2 | |
23 total
» build order
00:40 Altar of Elders
00:50 Moon Well
01:05 Ancient of War
02:04 Hunter's Hall
02:25 Moon Well
02:34 Ancient of Wonders
03:24 Moon Well
03:27 Ancient Protector
03:51 Ancient Protector
04:40 Tree of Ages
05:34 Tree of Life
05:36 Ancient Protector
05:55 Moon Well
07:05 Tree of Eternity
07:14 Ancient of Wind
09:11 Tree of Life
10:02 Chimaera Roost
11:02 Chimaera Roost
12:04 Moon Well
13:06 Moon Well
14:43 Moon Well
15:45 Moon Well
32:56 Tree of Life
» items
| Scroll of Town Portal | 3 | |
| Orb of Venom | 1 | |
| Anti-magic Potion | 1 | |
| Potion of Lesser Invulnerability | 1 | |
6 total
Chat log
(00:19 / Allies) fried.: units?
(00:39 / All) Ultimatium: you guys from pen island?
(00:49 / All) Mustache_: 100%
(00:58 / All) Mustache_: i love that place
(01:01 / All) Ultimatium: beautiful place
(01:28 / All) Ultimatium: they got a guy who sells pens
(01:33 / All) Ultimatium: i heard his pen is big
(04:18 / Allies) ONLYPLAY4REVENG: you saw my peon moving there prick
(04:30 / Allies) ONLYPLAY4REVENG: cocksucker
(04:54 / Allies) ONLYPLAY4REVENG: does that make sense to you guys?
(04:59 / Allies) ONLYPLAY4REVENG: thaat he steals that expo with my peon there?
(05:09 / Allies) Ultimatium: lets get this one for ya
(07:22 / Allies) fried.: wood?
(07:32 / Allies) ONLYPLAY4REVENG: lol and you come up to steal my item
(09:14 / Allies) Ultimatium: im b
(09:52 / Allies) ONLYPLAY4REVENG: gold
(12:27 / Allies) fried.: wood plz
(12:29 / Allies) fried.: i give gold
(17:18 / Allies) fried.: teal
(17:27 / All) Mustache_: gg
(17:32 / All) Mustache_: to many shitty allies
(17:39 / All) Ultimatium: cry noob
(25:27 / All) Ultimatium: gg
(25:28 / All) Ultimatium: noob
(25:46 / All) Ultimatium: u blow dude
(26:24 / All) Ultimatium: noob
(26:33 / All) Ultimatium: you are horrible
(26:35 / All) Ultimatium: dumbass
(26:37 / All) Mustache_: LOL
(26:48 / All) Mustache_: you lost everything dumbass
(26:50 / All) Mustache_: u got carried
(27:04 / Allies) RdySetGo: sorry had to afk for a second
(29:23 / Allies) fried.: u guys gonna fight or what
(30:23 / Allies) RdySetGo: i grant control
(30:23 / Allies) fried.: w8 for pink
(30:25 / Allies) fried.: ty
(30:33 / Allies) RdySetGo: i gotta go make a phone call
(30:36 / Allies) fried.: purp bring units
(32:49 / All) fried.: gg?
(32:54 / Allies) Ultimatium: brb
(36:50 / All) fried.: lol purp
(38:18 / All) fried.: purp doesnt wanna win :(
(38:31 / All) Mustache_: lol
(39:00 / All) Mustache_: he does
(39:04 / All) Mustache_: he just wants to do it himself
(39:13 / All) fried.: he cant tho
(39:19 / All) Mustache_: how do u figure?
(39:28 / All) fried.: 11k gold
(39:31 / All) fried.: hes noob
(39:33 / All) Mustache_: exactly
(39:34 / All) Mustache_: lol
(39:37 / All) Mustache_: we aint got shit
(40:16 / All) fried.: im going to go have a smoke and let purp do the hard work then
(40:20 / All) fried.: gg
(40:23 / All) Mustache_: gg
(41:42 / All) Mustache_: COME FIGHT US!!!
(42:09 / Allies) RdySetGo: my allys lost wow
(44:59 / All) Ultimatium: just got back after taking a shit
(45:04 / All) Ultimatium: is this game still going lol
(45:50 / All) Ultimatium: lmao this guys spamming expansions and towers all over the map
(47:20 / All) ONLYPLAY4REVENG: WELL IM PROUD TO BE AN OKIE FROM MUSKOGIE
(47:25 / All) ONLYPLAY4REVENG: A PLACE WHERE EVEN SQUARES CAN HAVE A BALL
(49:22 / All) Ultimatium: blademaster vs the rest
(50:09 / All) Ultimatium: rip
(51:23 / All) Mustache_: ur a funny guy purp
(51:35 / All) fried.: wow my base is gone
(51:36 / All) ONLYPLAY4REVENG: oh so I amuse you? I'm a clown, is that it?
(51:44 / All) fried.: what happened purp
(51:45 / All) Mustache_: precisely
(52:00 / All) ONLYPLAY4REVENG: I think I will give red the win
(52:01 / All) fried.: bye red\
(52:19 / All) ONLYPLAY4REVENG: because teal is a cretin, he deserves no wins for being teching chims
(52:19 / All) Mustache_: hahaha
(52:25 / All) Mustache_: lmao
(52:29 / All) Mustache_: and still getting carried
(52:32 / All) Mustache_: i stayed this long
(52:35 / All) Mustache_: im gonna fight it out
(52:41 / All) Mustache_: either way
(52:51 / All) ONLYPLAY4REVENG: you got a lot of hero firepower
(52:57 / All) Mustache_: yeah
(52:59 / All) Mustache_: thats it though
(53:01 / All) Mustache_: ll
(53:03 / All) Mustache_: lol*
(53:13 / All) Mustache_: u have unlimited resources
(53:46 / All) Mustache_: and a shit ton of expos/towers lmao
(54:04 / All) Mustache_: i just think its funny how badly the rest of your team wants to win
(54:08 / All) Mustache_: they sitting here waiting
(54:12 / All) ONLYPLAY4REVENG: Hehe
(54:18 / All) Mustache_: i know i cant
(54:22 / All) Mustache_: i just find it amusing
(54:38 / All) ONLYPLAY4REVENG: you definitely can win
(54:42 / All) Mustache_: nah
(54:43 / All) ONLYPLAY4REVENG: because either I could just give you the win
(54:45 / All) Mustache_: you have enough resources
(54:51 / All) ONLYPLAY4REVENG: or I could make it so nobody has a unit
(54:54 / All) ONLYPLAY4REVENG: and no way to make them
(54:58 / All) Mustache_: lol
(54:58 / All) ONLYPLAY4REVENG: and then leave
(55:09 / All) Mustache_: that would be funny cuz the rest of your team would cry
(55:23 / All) ONLYPLAY4REVENG: How likely are you to stay for that
(55:29 / All) Mustache_: at this point
(55:34 / All) Mustache_: pretty likely
(55:35 / All) Mustache_: lol
(55:41 / All) fried.: hahaha how bad does purp want someone to talk to
(55:42 / All) Mustache_: but if i get bored i may just leave
(55:50 / All) Mustache_: lol
(55:52 / All) ONLYPLAY4REVENG: Alright I'm gonna give you the win
(55:53 / All) fried.: my god
(56:02 / All) fried.: thats sad
(56:10 / All) ONLYPLAY4REVENG: lawl
(56:13 / All) Mustache_: lol
(57:32 / All) Mustache_: my mk a beast
(57:49 / All) ONLYPLAY4REVENG: that clap almost kilt me
(57:56 / All) Mustache_: i was hoping it would lol
(58:20 / All) ONLYPLAY4REVENG: go to goblin
(58:23 / All) ONLYPLAY4REVENG: and reveal my main
(58:29 / All) Mustache_: no gold
(58:35 / All) Mustache_: spent it all on trying to rebuild blue
(58:37 / All) Mustache_: lol
(58:51 / All) ONLYPLAY4REVENG: sell this tp
(59:11 / All) Mustache_: merchant
(59:15 / All) Mustache_: lol he left!
(59:17 / All) ONLYPLAY4REVENG: lol
(59:20 / All) Mustache_: i hate that kid
(59:24 / All) Mustache_: thinks hes so good
(59:25 / All) ONLYPLAY4REVENG: he talked shit when I just made towers game before
(59:31 / All) Mustache_: hes not at all.....
(59:35 / All) ONLYPLAY4REVENG: I said "could have been cool game if (my ally) didn't drop
(59:37 / All) Mustache_: no doubt
(59:38 / All) ONLYPLAY4REVENG: and he goes CRY NOOB
(59:45 / All) Mustache_: lmao
(59:53 / All) ONLYPLAY4REVENG: he goes dh chims every game
(60:00 / All) ONLYPLAY4REVENG: I didn't even have a hero last game until like 20 minutes into it
(60:08 / All) Mustache_: you know a noob by the way he calls other players a noob
(60:10 / All) Mustache_: lol
(60:21 / All) ONLYPLAY4REVENG: yeah doesn't get a much of a chance to talk shit
(60:22 / All) ONLYPLAY4REVENG: like that
(60:27 / All) Mustache_: no main?
(60:35 / All) Mustache_: i revealed haha
(60:37 / All) ONLYPLAY4REVENG: I was top right corner
(60:52 / All) Mustache_: yeah i revealed
(60:56 / All) Mustache_: i didnt see your fortress
(61:02 / All) ONLYPLAY4REVENG: I'm just gonna lket you have the win
(61:10 / All) Mustache_: lol ok idc either way man
(61:16 / All) Mustache_: i stayed
(61:18 / All) ONLYPLAY4REVENG: I want teal to get a loss
(61:20 / All) Mustache_: to piss of ultimatum
(61:23 / All) Mustache_: same haha
(61:32 / All) Mustache_: and it worked
(61:34 / All) Mustache_: so funny
(62:21 / All) Mustache_: want me to leave?
(62:24 / All) Mustache_: lol
(62:30 / All) ONLYPLAY4REVENG: nah I'm killing my stuff
(62:45 / All) ONLYPLAY4REVENG: I might kill your heroes before giving you win tho
(62:55 / All) Mustache_: lets duel
(63:00 / All) Mustache_: my mk
(63:02 / All) Mustache_: vs ur bm
(63:10 / All) Mustache_: kill pally
(63:52 / All) Mustache_: lol
(64:55 / All) Mustache_: i mean
(64:58 / All) Mustache_: my mk
(65:01 / All) Mustache_: pretty beas
(65:03 / All) Mustache_: t
(65:11 / All) ONLYPLAY4REVENG: yeah
(65:51 / All) Mustache_: where u go?>
(66:10 / All) Mustache_: how much g u got? lol
(66:14 / All) ONLYPLAY4REVENG: 27k
(66:17 / All) ONLYPLAY4REVENG: 12k lumbers
(66:18 / All) Mustache_: LOL
(66:21 / All) Mustache_: wow
(66:25 / All) RdySetGo: 27 grand 12 grand gold
(66:35 / All) Mustache_: OUT OF NOWHERE
(66:36 / All) Mustache_: pink
(66:37 / All) Mustache_: lmao
(66:39 / Allies) RdySetGo: 27 k gold 12 k wood
(66:43 / All) RdySetGo: lol
(66:46 / All) Mustache_: can we all agree teal is garbage?
(66:49 / All) RdySetGo: i gave him 7k wood
(66:51 / All) ONLYPLAY4REVENG: yes
(66:54 / All) ONLYPLAY4REVENG: where's your mk
(66:59 / All) Mustache_: near that expo
(67:02 / All) Mustache_: south east
(67:03 / All) Mustache_: corner
(67:05 / All) RdySetGo: and i went afk this game someone killed my army and base while i left
(67:11 / All) Mustache_: lol
(67:34 / All) RdySetGo: i granted control i knew i shouldn't have granted control to bad players
(67:43 / All) Mustache_: lol
(67:44 / All) RdySetGo: but o well
(67:50 / All) Mustache_: ohh gay
(67:51 / All) Mustache_: stun
(67:53 / All) Mustache_: but still got ww off
(68:29 / All) RdySetGo: blue got his army ready yet
(68:42 / All) Mustache_: lol i tried
(68:44 / All) Mustache_: wasnt happening
(68:50 / All) Mustache_: purp was all over it
(69:19 / All) Mustache_: MISS
(69:29 / All) Mustache_: so much mana
(69:30 / All) Mustache_: lol
(69:41 / All) Mustache_: WTF
(69:44 / All) Mustache_: ww while stun
(69:46 / All) Mustache_: lol
(69:47 / All) ONLYPLAY4REVENG: stay lol
(69:49 / All) ONLYPLAY4REVENG: I'm killing my stuff
(69:54 / All) Mustache_: its ok
(69:58 / All) Mustache_: gonna reque
(69:59 / All) ONLYPLAY4REVENG: give teal loss
(70:03 / All) Mustache_: well shit
(70:07 / All) ONLYPLAY4REVENG: it's all basically dead
(70:08 / All) ONLYPLAY4REVENG: 1 minute
(71:38 / All) ONLYPLAY4REVENG: Pink is 1-3 anyway laol
(71:45 / All) Mustache_: heh
(71:55 / All) Mustache_: my team was so terrible
(72:02 / All) Mustache_: oj let u kill his hero like 78937589 times
(72:08 / All) ONLYPLAY4REVENG: hope that's pink not me
(72:16 / All) ONLYPLAY4REVENG: my net drops a lot
(72:23 / All) Mustache_: that sucks
(72:25 / All) Mustache_: it was pink
(73:30 / All) ONLYPLAY4REVENG: last building
(73:34 / All) ONLYPLAY4REVENG: GG
(73:35 / All) Mustache_: lol
(73:36 / All) Mustache_: gg